 Dungeon Crawl Stone Soup version 0.24.0-41-g2ae2f7f1be (webtiles) character file.

Game seed: 6752531711300583300, levelgen mode: deterministic

1072 Delamore the Cleaver (level 8, -6/64 HPs)
             Began as a Hill Orc Fighter on Dec 14, 2019.
             Was a Follower of Okawaru.
             Mangled by an orc warrior
             ... wielding a +0 glaive
              (17 damage)
             ... on level 6 of the Dungeon.
             The game lasted 00:06:26 (4716 turns).

Delamore the Cleaver (Hill Orc Fighter)             Turns: 4716, Time: 00:06:26

Health: -6/64      AC: 12    Str: 20 (21) XL:     8   Next: 28%
Magic:  8/8        EV:  7    Int:  6 (8)  God:    Okawaru [*.....]
Gold:   252        SH:  9    Dex:  8 (10) Spells: 7/7 levels left

rFire    . . .     SeeInvis .   a - +0 war axe
rCold    + . .     Gourm    .   c - +0 shield
rNeg     . . .     Faith    .   b - +0 scale mail
rPois    .         Spirit   .   C - +0 helmet
rElec    .         Reflect  .   h - +0 cloak
rCorr    .         Harm     .   (no gloves)
MR       .....                  o - +2 pair of boots {Fly}
Stlth    ..........             x - amulet of regeneration
HPRegen  0.60/turn              q - ring of protection from cold
MPRegen  0.11/turn              (no ring)

@: lethally poisoned (-6 -> -23), flying
A: no striking features
a: Heroism, Renounce Religion, Stop Flying


You were on level 6 of the Dungeon.
You worshipped Okawaru.
Okawaru was aware of your devotion.
You were not hungry.

You visited 2 branches of the dungeon, and saw 7 of its levels.

You collected 312 gold pieces.
You spent 60 gold pieces at shops.

Inventory:

Hand Weapons
 a - a +0 war axe (weapon)
Missiles
 s - 6 boomerangs of dispersal (quivered)
 w - 2 javelins
Armour
 b - a +0 scale mail (worn)
 c - a +0 shield (worn)
 h - a +0 cloak (worn)
 o - a +2 pair of boots of flying (worn)
 C - a +0 helmet (worn)
Jewellery
 q - a ring of protection from cold (left hand)
 u - an uncursed ring of ice
 x - an amulet of regeneration (around neck)
Wands
 t - a wand of scattershot (4)
Scrolls
 e - 2 scrolls of enchant armour {unknown}
 g - 3 scrolls of magic mapping {unknown}
 j - 3 scrolls of teleportation
 k - a scroll of amnesia {unknown}
 m - a scroll of noise {unknown}
 n - 4 scrolls of remove curse {unknown}
 p - 9 scrolls of identify
 y - 3 scrolls of random uselessness {unknown}
Potions
 d - 2 potions of might
 i - a potion of berserk rage {unknown}
 l - 3 potions of heal wounds {unknown}
 r - a potion of degeneration
 v - a potion of curing {unknown}
 z - a potion of magic {unknown}
 A - 2 potions of agility {unknown}
Comestibles
 f - 4 rations
 B - 16 chunks of flesh


   Skills:
 - Level 3.6 Fighting
 + Level 12.2 Axes
 - Level 3.2 Armour
 - Level 3.2 Shields


You had 7 spell levels left.
You didn't know any spells.
Your spell library was empty.

Dungeon Overview and Level Annotations

Branches:
Dungeon (6/15)             Temple (1/1) D:5

Altars:
Cheibriados
Dithmenos
Elyvilon
Fedhas
Gozag
Hepliaklqana
Kikubaaqudgha
Makhleb
Nemelex Xobeh
Okawaru
Qazlal
Ru
Sif Muna
Trog
Uskayaw
Vehumet
Wu Jian
Xom
Yredelemnul
Zin
The Shining One

Shops:
D:4 ?   D:5 ?   D:6 (


Message History

The yak closely misses you.
You hit the orc warrior.
The orc warrior is moderately wounded.
You hit the yak but do no damage.
Your shield and scale mail prevent you from hitting something.
You feel sick.
The orc wizard mumbles some strange words.
The orc wizard seems to speed up.
Something hits you but does no damage.
You are more poisoned.
The orc warrior hits you with a +0 glaive.
* * * LOW HITPOINT WARNING * * *
You bump into the rock wall.
You feel sick. The yak barely misses you.
Something hits you but does no damage.
You are lethally poisoned!
Unknown command.
You feel less confused.
* * * LOW HITPOINT WARNING * * *
You feel sick.
The orc warrior hits you from afar with a +0 glaive!
You die...

##.##########.#.##..
#......# ##....#####
#..###.# #..........
#..# #.# ##...######
#..# #.# ##.## #..#
#รท# #.# #.## #.# #.#
#.# #.# ##'## #
###.####@# ##...### #
....oY.Y{# ##......#
#
:##.#oo#####..>.._.##
##


#.ooY #.........####. #..oo +.........'.... #..... #.........####. #.##..
##.......## ## #. #.. ##.....## # . ... ##...## # You could see 3 yaks, an orc
warrior, an orc wizard and 4 orcs.

Vanquished Creatures
  A yak (D:6)
  A black bear (D:6)
  An ice beast (D:5)
  An ogre (D:4)
  A scorpion (D:3)
  A water moccasin skeleton (D:6)
  3 hounds
  An orc priest (D:6)
  2 orc wizards (D:4)
  2 iguanas (D:4)
  2 worker ants (D:4)
  A hound zombie (D:6)
  9 gnolls
  7 adders
  An ooze (D:4)
  A worm (D:5)
  2 dart slugs
  6 leopard geckos
  13 orcs
  5 bats
  8 giant cockroaches
  8 goblins
  7 hobgoblins
  8 jackals
  8 kobolds
  3 quokkas (D:3)
  3 ball pythons
  4 frilled lizards
  6 rats
116 creatures vanquished.

Notes
Turn   | Place    | Note
-------+----------+-------------------------------------------
     0 | D:1      | Delamore the Hill Orc Fighter began the quest for the Orb.
     0 | D:1      | Reached XP level 1. HP: 19/19 MP: 1/1
    50 | D:1      | Reached skill level 3 in Axes
   118 | D:1      | Reached XP level 2. HP: 26/26 MP: 2/2
   152 | D:1      | Reached skill level 4 in Axes
   305 | D:1      | Reached XP level 3. HP: 26/31 MP: 3/3
   665 | D:1      | Reached skill level 5 in Axes
   906 | D:1      | Reached XP level 4. HP: 32/39 MP: 4/4
  1305 | D:2      | Reached skill level 6 in Axes
  1544 | D:2      | Found a blossoming altar of Fedhas.
  1869 | D:3      | Reached XP level 5. HP: 36/45 MP: 5/5
  2014 | D:3      | Reached skill level 7 in Axes
  2342 | D:3      | Found a shimmering altar of Xom.
  2342 | D:3      | Found a glowing silver altar of Zin.
  2343 | D:3      | Found an ancient bone altar of Kikubaaqudgha.
  2595 | D:4      | Reached skill level 8 in Axes
  2595 | D:4      | Reached XP level 6. HP: 32/51 MP: 6/6
  2981 | D:4      | Reached skill level 9 in Axes
  3077 | D:3      | Reached XP level 7. HP: 13/57 MP: 7/7
  3313 | D:4      | Reached skill level 10 in Axes
  3385 | D:4      | Found Nypyel's Magic Scroll Shoppe.
  3397 | D:4      | Bought a scroll of identify for 24 gold pieces
  3397 | D:4      | Bought a scroll of teleportation for 36 gold pieces
  3530 | D:5      | Entered Level 5 of the Dungeon
  3609 | D:5      | Found a staircase to the Ecumenical Temple.
  3632 | D:5      | Found a shadowy altar of Dithmenos.
  3664 | Temple   | Entered the Ecumenical Temple
  3713 | Temple   | Became a worshipper of Warmaster Okawaru
  3858 | D:5      | Found Cisonag's Magic Scroll Emporium.
  4171 | D:5      | Found a hide-covered altar of Uskayaw.
  4363 | D:6      | Found Boum's Antique Weapon Boutique.
  4413 | D:6      | Reached skill level 11 in Axes
  4519 | D:6      | Reached XP level 8. HP: 64/64 MP: 8/8
  4604 | D:6      | Found an opulent altar of Gozag.
  4690 | D:6      | Noticed a yak
  4697 | D:6      | Killed a yak
  4697 | D:6      | Reached * piety under Okawaru
  4697 | D:6      | Reached skill level 12 in Axes
  4703 | D:6      | Noticed a yak
  4704 | D:6      | Noticed a yak
  4707 | D:6      | Noticed a yak
  4716 | D:6      | Mangled by an orc warrior

Levels and vault maps discovered:
D:1:      nagdon_arrival_zigzag_paths, layout_basic, supply_closet_lemuel,
          minmay_misc_feat_nine_boxes, minmay_pentomino_v4
D:2:      layout_rooms, nicolae_overflow_hidden_temple, first_ration,
          serial_curves, eino_curves_03, eino_curves_04
D:3:      layout_loops_ring, chequers_temple_overflow_statue_of_worship
D:4:      layout_basic, serial_shops, shop_scrolls
D:5:      layout_gridville, grunt_dithmenos_smoke, kennysheep_mini,
          minmay_temple_entry_large_hall, serial_shops,
          nicolae_shop_window_shopping
D:6:      layout_loops_corners, nicolae_gozag_seed_capital, serial_shops, shop,
          gammafunk_ghost_split, uniq_duvessa
Temple:   jpeg_temple_clearing

Skill      XL: |  1  2  3  4  5  6  7  8 |
---------------+-------------------------+-----
Axes           | 3 4 5 6 8 9 11 12 | 12.2
Fighting       | |  3.6
Armour         | |  3.2
Shields        | |  3.2

Action                   |  1- 3 |  4- 6 |  7- 9 || total
-------------------------+-------+-------+-------++-------
Melee: War axe           |    72 |   208 |   110 ||   390
  Use: Potion            |       |       |     1 ||     1
  Eat: Chunk             |       |     7 |     2 ||     9
       Ration            |       |       |     1 ||     1
Armor: Scale mail        |    39 |    88 |    45 ||   172
Dodge: Dodged            |    23 |    58 |    31 ||   112
Block: Shield            |    55 |   105 |    54 ||   214
